 Dungeon Crawl Stone Soup version 0.20.1-1-g8b1a95d (webtiles) character file.

105 Linguinho the Caller (level 4, -7/31 HPs)
             Began as a Demonspawn Summoner on Nov 4, 2017.
             Mangled by Ymberto's ghost (9 damage)
             ... on level 3 of the Dungeon.
             The game lasted 00:09:47 (2759 turns).

Linguinho the Caller (Demonspawn Summoner)          Turns: 2759, Time: 00:09:48

Health: -7/31      AC:  2    Str:  9    XL:     4   Next: 53%
Magic:  1/8        EV: 12    Int: 17    God:
Gold:   123        SH:  0    Dex: 13    Spells: 6/9 levels left

rFire    . . .     SeeInvis .   t - +2 dagger (elec)
rCold    . . .     Gourm    .   (no shield)
rNeg     . . .     Faith    .   a - +0 robe
rPois    .         Spirit   .   (no helmet)
rElec    .         Reflect  .   (no cloak)
rCorr    .         Harm     .   (no gloves)
MR       .....                  (no boots)
Stlth    ++........             (no amulet)
Regen    0.1/turn               (no ring)
MPRegen  0.2/turn               (no ring)

@: no status effects
A: spiny 2
a: no special abilities


You were on level 3 of the Dungeon.
You were hungry.

You visited 1 branch of the dungeon, and saw 3 of its levels.

You collected 123 gold pieces.

Inventory:

Hand Weapons
 t - a +2 dagger of electrocution (weapon)
Armour
 a - a +0 robe (worn)
 g - a +0 pair of gloves
 o - a +0 leather armour
 p - a +0 leather armour
Jewellery
 n - an uncursed ring of positive energy {unknown}
Scrolls
 e - a scroll of amnesia {unknown}
 i - a scroll of recharging {unknown}
 r - a scroll of teleportation {unknown}
 s - 2 scrolls of identify {unknown}
 u - 2 scrolls of blinking {unknown}
Potions
 f - a potion of heal wounds {unknown}
 h - a potion of cancellation {unknown}
 k - 2 potions of mutation {unknown}
 l - a potion of magic {unknown}
 m - a potion of haste {unknown}
 q - a potion of degeneration {unknown}
Books
 b - a book of Callings

   Spells                             Type                      Level
   a - Summon Small Mammal            Summoning                    1
   b - Call Imp                       Summoning                    2
   c - Call Canine Familiar           Summoning                    3
   d - Summon Guardian Golem          Hexes/Summoning              3
   e - Summon Lightning Spire         Summoning/Air                4
   f - Summon Ice Beast               Ice/Summoning                4
Comestibles
 c - 4 bread rations
 d - 6 fruits
 j - a meat ration


   Skills:
 + Level 0.6 Fighting
 + Level 2.0 Dodging
 + Level 2.3 Stealth
 + Level 3.0 Spellcasting
 + Level 4.8 Summonings


You had 6 spell levels left.
You knew the following spells:

 Your Spells              Type           Power        Failure   Level  Hunger
a - Summon Small Mammal   Summ           ###.         2%          1    None
b - Call Imp              Summ           ###.....     3%          2    ##.....


Dungeon Overview and Level Annotations

Branches:
Dungeon (3/15)

Altars:
Nemelex Xobeh

Annotations:
D:3 Ymberto's ghost, amateur HOFi


Innate Abilities, Weirdness & Mutations

You are mostly covered in sharp spines.


Message History

Your shadow imp hits Ymberto's ghost but does no damage.
Your bat completely misses Ymberto's ghost.
Ymberto's ghost hits your shadow imp.
Your shadow imp hits Ymberto's ghost but does no damage.
Your bat hits Ymberto's ghost but does no damage.
Ymberto's ghost hits your shadow imp!
Your shadow imp dies!
Ymberto's ghost turns its malevolent gaze towards you.
Unknown command.
You hear a shout!
Your bat hits Ymberto's ghost but does no damage.
Ymberto's ghost is struck by your spines.
Ymberto's ghost hits you.
* * * LOW HITPOINT WARNING * * *
A hobgoblin comes into view.
You hit Ymberto's ghost but do no damage.
Ymberto's ghost is severely damaged.
Your bat hits Ymberto's ghost but does no damage.
Ymberto's ghost hits you!
You die...

##.....#
#.....#
#.....#
##+##.#
####..#.#
g.......#
........#
(......$#
.......@####
......bW...#
..?....>...#
####.......#
##.....##
#####.# #)#
#.# #.#


You could see Ymberto's ghost, a hobgoblin and a friendly bat.

Vanquished Creatures
  2 adders
  A dart slug (D:2)
  2 leopard geckos (D:2)
  A goblin (D:2)
  5 hobgoblins
  4 kobolds
  2 quokkas
  9 bats
  3 frilled lizards
  7 rats
36 creatures vanquished.

Vanquished Creatures (collateral kills)
  Terence (D:2)
  A gnoll (D:1)
  2 adders (D:2)
  A worm (D:2)
  A dart slug (D:1)
  2 giant cockroaches (D:1)
  4 goblins
  8 hobgoblins
  2 jackals (D:1)
  4 kobolds
  2 bats (D:1)
28 creatures vanquished.

Grand Total: 64 creatures vanquished

Notes
Turn   | Place    | Note
-------+----------+-------------------------------------------
     0 | D:1      | Linguinho the Demonspawn Summoner began the quest for the Orb.
     0 | D:1      | Reached XP level 1. HP: 13/13 MP: 3/3
   383 | D:1      | Gained mutation: You are partially covered in sharp spines. [demonic ancestry]
   383 | D:1      | Reached XP level 2. HP: 10/19 MP: 1/5
   387 | D:1      | Learned a level 2 spell: Call Imp
  1185 | D:2      | Noticed Terence
  1187 | D:2      | Gained mutation: You are mostly covered in sharp spines. [demonic ancestry]
  1187 | D:2      | Reached XP level 3. HP: 23/24 MP: 1/6
  1509 | D:2      | Killed Terence
  1945 | D:2      | Found a sparkling altar of Nemelex Xobeh.
  1977 | D:2      | Reached XP level 4. HP: 31/31 MP: 5/8
  2741 | D:3      | Noticed Ymberto's ghost (amateur HOFi)
  2759 | D:3      | Mangled by Ymberto's ghost

Skill      XL: |  1  2  3  4 |
---------------+-------------+-----
Stealth        | 2 |  2.3
Spellcasting   | 3 |  3.0
Dodging        | 2 |  2.0
Fighting       | |  0.6
Summonings     | |  4.8

Action                   |  1- 3 |  4- 6 || total
-------------------------+-------+-------++-------
Melee: Unarmed           |    83 |    14 ||    97
       Dagger            |       |    17 ||    17
 Cast: Summon Small Mamm |    18 |     2 ||    20
       Call Imp          |    23 |    15 ||    38
  Use: Potion            |     2 |       ||     2
 Stab: Sleeping          |     2 |     1 ||     3
       Distracted        |     2 |       ||     2
  Eat: Chunk             |     5 |     2 ||     7
Armor: Robe              |    16 |     3 ||    19
Dodge: Dodged            |    63 |    19 ||    82
